 Dungeon Sprint DCSS version 0.31-a0-977-gc230f8ef24 (webtiles) character file.

Game seed: 9473571092430311381

180 Conn the Magician (level 5, -2/31 HPs)
             Began as an Octopode Fire Elementalist on Oct 29, 2023.
             Slain by a scorpion (7 damage)
             ... in the Dungeon (Sprint II: "The Violet Keep of Menkaure").
             The game lasted 00:01:22 (56 turns).

Conn the Magician (Octopode Fire Elementalist)        Turns: 56, Time: 00:01:25

Health: -2/31      AC:  1    Str:  7    XL:     5   Next: 60%
Magic:  1/13       EV: 14    Int: 20    God:
Gold:   0          SH:  0    Dex: 12    Spells: 6/16 levels left

rFire   . . .        (no weapon)
rCold   . . .        (no shield)
rNeg    . . .        (helmet restricted)
rPois   .            (no amulet)
rElec   .            (no ring)
rCorr   .            (no ring)
SInv    .            (no ring)
Will    .....        (no ring)
Stlth   ++++         (no ring)
HPRegen 0.25/turn    (no ring)
MPRegen 0.13/turn    (no ring)
                     (no ring)

%: no teleportation
@: no status effects
A: almost no armour, amphibious, 8 rings, camouflage 1, gelatinous body 1,
(nimble swimmer 1), tentacles
a: no special abilities


You were in the Dungeon.
You visited 1 branch

Inventory:

Scrolls
 f - a scroll of blinking
Potions
 a - 3 potions of magic
 b - a potion of curing
 c - a potion of heal wounds


   Skills:
 + Level 4.6 Dodging
 - Level 5.0 Stealth
 * Level 6.0 Spellcasting
 * Level 6.0 Conjurations
 + Level 5.1 Fire Magic


You had 6 spell levels left.
You knew the following spells:

 Your Spells              Type           Power      Damage    Failure   Level
a - Foxfire               Conj/Fire      100%       2x1d9     1%          1
b - Scorch                Fire           52%        2d7       1%          2
c - Inner Flame           Hex/Fire       16%        N/A       11%         3
d - Flame Wave            Conj/Fire      28%        2d9       11%         4

Your spell library contained the following spells:

 Spells                   Type           Power      Damage    Failure   Level
 Volatile Blastmotes      Fire/Tloc      32%        2d12      11%         3


Dungeon Overview and Level Annotations

Branches:
Dungeon (1/1)

Altars:


Innate Abilities, Weirdness & Mutations

You cannot wear most types of armour.
You are amphibious.
You can wear up to eight rings at the same time.
Your skin changes colour to match your surroundings (Stealth+).
Your rubbery body absorbs attacks. (AC +1, EV +1)
((You are camouflaged when in or above water. (Stealth+)))
You have tentacles for arms and can constrict up to eight enemies at once.


Message History

2 scorpions come into view.
Things that are here:
243 gold pieces; a scorpion corpse; a scorpion corpse You feel yourself slow down.
There is an open door here.
You recover from your berserk rage.
Cast which spell? (? or * to list) Flames lash the scorpion.
The scorpion is heavily wounded.
The scorpion's fire resistance burns away.
The scorpion stings you.
Casting: Scorch (safe; 2% risk of failure)
Confirm with . or Enter, or press ? or * to list all spells.
Flames lash the scorpion.
The scorpion is heavily wounded.
The scorpion's fire resistance burns away.
The scorpion stings you.
Casting: Scorch (safe; 2% risk of failure)
Confirm with . or Enter, or press ? or * to list all spells.
Flames lash the scorpion.
The scorpion is burned terribly!
The scorpion is almost dead.
The scorpion barely misses you.
Casting: Scorch (safe; 2% risk of failure)
Confirm with . or Enter, or press ? or * to list all spells.
Flames lash the scorpion.
The scorpion is burned terribly!
You kill the scorpion!
Your Spellcasting skill increases to level 6!
Your Conjurations skill increases to level 6!
Your Fire Magic skill increases to level 5!
Unknown command.
Unknown command.
Unknown command.
Unknown command.
You tentacle-slap the scorpion but do no damage.
Your grab misses the scorpion. You squeeze the scorpion.
The scorpion is severely wounded.
The scorpion stings you.
* * * LOW HITPOINT WARNING * * *
The scorpion stings you!
You die...

## ## l# #l #
.#$ # ##. #+#
.##
#$B.##.##...#
#+.<.+$#
#.B.##@##.m.#
##. #s# .## #
#$# # #..#..#
##. .## ## ##


You could see a scorpion (combustible).

Vanquished Creatures
  3 scorpions (D)
3 creatures vanquished.

Notes
Turn   | Place    | Note
-------+----------+-------------------------------------------
     0 | D        | Conn the Octopode Fire Elementalist began the quest for the
                  | Orb.
     0 | D        | Reached XP level 1. HP: 11/11 MP: 3/3
     2 | D        | Noticed a boulder beetle
     2 | D        | Noticed a boulder beetle
     5 | D        | Noticed a wyvern
     5 | D        | Noticed a wyvern
     8 | D        | Noticed a merfolk siren
    11 | D        | Noticed a scorpion
    11 | D        | Noticed a scorpion
    21 | D        | Killed a scorpion
    22 | D        | Reached XP level 2. HP: 10/17 MP: 4/7
    22 | D        | Reached XP level 3. HP: 12/21 MP: 4/8
    22 | D        | Reached XP level 4. HP: 16/27 MP: 5/10
    24 | D        | Killed a scorpion
    25 | D        | Reached skill level 5 in Stealth
    25 | D        | Reached skill level 5 in Spellcasting
    25 | D        | Reached skill level 5 in Conjurations
    25 | D        | Reached XP level 5. HP: 16/31 MP: 5/12
    30 | D        | Learned a level 2 spell: Scorch
    34 | D        | Learned a level 3 spell: Inner Flame
    39 | D        | Learned a level 4 spell: Flame Wave
    56 | D        | Reached skill level 5 in Fire Magic
    56 | D        | Slain by a scorpion

Illustrated notes

Levels and vault maps discovered:
D:        the_violet_keep_of_menkaure [sprint2_stairs_cluster_1,
          sprint2_shoproom, sprint2_temple, sprint2_basic_supplies,
          sprint2_obstacle_6, sprint2_obstacle_1, sprint2_obstacle_4,
          sprint2_obstacle_5, sprint2_obstacle_2, sprint2_timed_cluster_1,
          sprint2_smallroom_cluster_1, sprint2_smallroom_final_cluster_1,
          sprint2_transparent_cluster_1, sprint2_second_timed_cluster_1,
          sprint2_sniper_area_1, sprint2_heavy_combat_area_1,
          sprint2_mutation_trap_area_1, sprint2_forest_area_1,
          sprint2_light_combat_area_1, sprint2_behind_water_1,
          sprint2_near_end_vault_1]

Skill      XL: |  1  2  3  4  5 |
---------------+----------------+-----
Dodging        | 3 4 |  4.6
Stealth        | 4 5 |  5.0
Spellcasting   | 4 5 6 |  6.0
Conjurations   | 3 5 6 |  6.0
Fire Magic     | 4 5 |  5.1

Action                     |  1- 3 |  4- 6 || total
---------------------------+-------+-------++-------
  Melee: Unarmed           |     7 |     4 ||    11
         Constrict         |     1 |       ||     1
         Tentacles         |       |     1 ||     1
   Cast: Scorch            |       |     4 ||     4
    Use: Potion            |     2 |       ||     2
 Armour: Skin              |     2 |     4 ||     6
  Dodge: Dodged            |     3 |     2 ||     5

Table legend: (Time is in decaauts)
 A = Elapsed time spent in this place.
 B = Non-inter-level travel time spent in this place.
 C = Inter-level travel time spent in this place.
 D = Time resting spent in this place.
 E = Time spent auto-exploring this place.
 F = Levels seen in this place.
 G = Mean time per level.
                   A        B        C        D        E       F      G
               +--------+--------+--------+--------+--------+-----+--------+
         Total |     45 |     45 |      0 |      0 |      0 |   1 |   45.0 |
       Dungeon |     45 |     45 |      0 |      0 |      0 |   1 |   45.0 |
               +--------+--------+--------+--------+--------+-----+--------+

Top non-repeatable levels by time:
       D: 45 daAuts
